Description

Okay, this is my favourite and best build in my opinion.

  1. We have a Widow Mine, that can help us with mass lings on the start of the game, just stay marines at the ramp. If you play versus Protoss bury mine near the first CC if he doesn't go to the stargate, bury mine near second CC, make the same versus Terran.

  2. We have a cyclone that can help us versus Protoss oracles, besides it Cyclone a very good shield for marines if zerg want to pressure us with mass lings, then stay at the ramp and make sure that the Cyclone takes most of the damage, to do this put it forward.

  3. We have +1 on the attack, this means that our 2-1-1 Double Drop has 186 Damage per second, instead of 160 DPS, a drop will destroy the enemy's structure is much faster than in standard Double Drop.

  4. Early second gas will help you versus 1 base all-in if you scout enemy's base at the good timing, use reaper for this. Early engineering bay will help you versus invisible units if you see Dark Shrine make some turret in the mineral line, make the same if you see early spire.

Minus of the build. Timing of the 2-1-1 Double Drop is much worse than in the standard build, but the standard build is much more vulnerable in the game versus aggressive players.

Build Order

Get SALT Encoding   

  12  0:00  SCV  
  13  0:12  SCV  
  14  0:17  Supply Depot  
  14  0:26  SCV  
  15  0:39  SCV  
  15  0:40  Barracks  
  16  0:46  Refinery  
  16  0:51  SCV  
  17  1:03  SCV  
  18  1:15  SCV  
  19  1:27  Orbital Command  
  19  1:29  Reaper  
  20  1:38  Command Center  
  20  1:48  Supply Depot  
  20  1:53  SCV  
  21  1:57  Refinery  
  21  2:01  Marine  
  22  2:05  SCV  
  23  2:10  Factory  
  23  2:17  SCV  
  23  2:21  Barracks Reactor  
  26  2:50  Orbital Command  
  26  2:56  Widow Mine  
  26  2:57  Marine x2  
  26  2:58  Engineering Bay  
  32  3:16  Marine x2  
  32  3:17  Factory Tech Lab  
  36  3:26  Barracks  
  36  3:27  Supply Depot  
  36  3:31  Terran Infantry Weapons Level 1  
  38  3:35  Marine x2  
  38  3:41  Cyclone  
  45  3:49  Supply Depot  
  45  3:53  Marine x2  
  51  4:11  Marine  
  51  4:12  Supply Depot  
  52  4:20  Starport  
  52  4:21  Stimpack  Swap Barracks and Factory
  52  4:22  Factory Reactor  
  60  4:50  Command Center  
  64  5:03  Medivac x2, Factory Tech Lab  Swap Factory and Starport
Spawning Tool Build Advisor. Get it on Overwolf

Analysis

You have all the tools for scouting and destroying every enemy's aggression, but more important that you will have a very good weapon for aggression on the enemy's base, use it as well as you can, GLHF :D

Go to:

Details

  • Created by: MaXGrig 
  • Published on: Jan 06, 2020
  • Modified on: Jan 06, 2020
  • Patch: 4.11.0
Show
View Real Time Build Order
Export as new Build Order

Comments (3)

On Jan. 11, 2020, 3:48 p.m., MTesla  said:

ok, I will train my economy more.
Thanks.
GG

On Jan. 11, 2020, 10:58 a.m., MaXGrig  said:

MTesla, a lot of my build was made with very good economic optimization, these timings are good, but to get these timings, you need to optimize your economic on the main base. I will post the replay sometime later :D

On Jan. 11, 2020, 8:19 a.m., MTesla  said:

Nice BO, but I'm having problems with time, can you post the replay? please.

Create an account to comment!